Map: Bridgehead LE (Void)

Players

MoonLjth - Winner!

  • Race: Protoss Protoss
  • League: Grandmaster

iQuitBYE - Winner!

  • Race: Protoss Protoss
  • League: Grandmaster

Adaana

  • Race: Zerg Zerg
  • League: Platinum

ZerotheHero

  • Race: Zerg Zerg
  • League: Grandmaster

VOD

Have the link to the VOD?

Description

Time

  • Played on: Oct. 3, 2015, 2:37 p.m.
  • Length: 22:13
Show
View Real Time Build Order
Export as new Build Order

MoonLjth Protoss - Winner!

Build Orders: 1 Gate Expand 

Get SALT Encoding   

  12  0:01  Probe (Chrono Boost)  
  13  0:14  Pylon  
  13  0:18  Probe (Chrono Boost)  
  15  0:28  Probe (Chrono Boost)  
  15  0:35  Gateway  
  15  0:39  Probe (Chrono Boost)  
  16  0:44  Assimilator  
  16  0:49  Probe (Chrono Boost)  
  17  1:00  Probe (Chrono Boost)  
  18  1:12  Probe (Chrono Boost)  
  19  1:24  Nexus  
  19  1:29  Probe (Chrono Boost)  
  20  1:40  Cybernetics Core  
  20  1:42  Probe (Chrono Boost)  
  21  1:48  Assimilator  
  21  1:58  Pylon  
  21  1:59  Probe (Chrono Boost)  
  22  2:10  Probe (Chrono Boost)  
  22  2:15  Warp Gate (Chrono Boost)  
  23  2:20  Adept  
  23  2:21  Mothership Core (Chrono Boost)  
  27  2:25  Pylon  
  27  2:39  Probe (Chrono Boost)  
  28  2:44  Probe (Chrono Boost)  
  28  2:49  Robotics Facility  
  28  2:50  Probe (Chrono Boost)  
  30  3:00  Probe (Chrono Boost)  
  30  3:01  Probe (Chrono Boost)  
  32  3:11  Probe (Chrono Boost)  
  33  3:13  Twilight Council  
  33  3:16  Probe (Chrono Boost)  
  33  3:19  Assimilator  
  34  3:21  Probe (Chrono Boost)  
  34  3:27  Probe (Chrono Boost)  
  36  3:31  Probe (Chrono Boost)  
  37  3:35  Pylon  
  37  3:37  Probe (Chrono Boost), Warp Prism  
  37  3:40  Probe  
  41  3:49  Probe, Resonating Glaives (Chrono Boost)  
  41  3:53  Probe  
  43  4:01  Probe (Chrono Boost)  
  44  4:05  Probe (Chrono Boost), Gateway  
  45  4:10  Gateway  
  45  4:11  Probe (Chrono Boost)  
  46  4:22  Adept  
  48  4:24  Probe  
  48  4:30  Probe  
  50  4:31  Immortal  
  50  4:35  Probe, Pylon  
  55  4:43  Probe  
  56  4:47  Nexus  
  56  4:50  Pylon  
  56  4:52  Probe  
  57  5:02  Probe  
  57  5:06  Adept x2  
  62  5:10  Probe  
  63  5:16  Probe, Robotics Bay  
  63  5:20  Probe, Forge  
  65  5:28  Probe  
  65  5:29  Pylon  
  65  5:31  Probe  
  67  5:38  Blink (Chrono Boost)  
  67  5:39  Robotics Facility  
  67  5:40  Probe  
  67  5:41  Probe  
  69  5:42  Observer  
  69  5:44  Assimilator  
  69  5:47  Adept x2  
  74  5:53  Probe  
  74  5:55  Probe  
  76  5:59  Probe  
  76  6:03  Disruptor  
  80  6:05  Probe  
  80  6:06  Probe  
  80  6:08  Pylon  
  80  6:10  Probe  
  82  6:17  Probe  
  77  6:20  Adept  
  77  6:21  Probe, Adept x2  
  77  6:22  Assimilator  
  77  6:24  Protoss Ground Weapons Level 1 (Chrono Boost), Assimilator  
  77  6:25  Probe  
  84  6:28  Probe, Disruptor  
  88  6:34  Probe  
  88  6:39  Probe, Disruptor, Observer Gravitic Boosters  
  92  6:44  Probe  
  94  6:47  Adept  
  94  6:48  Adept x2  
  94  6:49  Pylon  
  94  6:50  Probe  
  101  6:56  Probe  
  101  7:00  Gateway  
  101  7:01  Probe  
  103  7:04  Disruptor  
  106  7:12  Stalker  
  106  7:13  Stalker x2  
  106  7:15  Observer  
  113  7:25  Probe  
  113  7:26  Pylon  
  113  7:29  Pylon  
  114  7:36  Zealot  
  116  7:40  Observer  
  116  7:44  Gateway, Disruptor  
  117  7:45  Zealot x2  
  117  7:47  Gateway  
  117  7:48  Probe  
  120  8:11  Adept x3  
  98  8:28  Probe  
  98  8:32  Probe x2  
  96  8:38  Probe  
  97  8:42  Protoss Ground Weapons Level 2 (Chrono Boost)  
  97  8:44  Probe  
  98  8:49  Nexus  
  98  8:50  Probe  
  98  8:51  Pylon  
  98  8:53  Pylon  
  98  8:54  Observer, Disruptor  
  98  8:55  Pylon  
  103  8:57  Probe, Pylon  
  103  9:00  Probe  
  103  9:02  Probe  
  100  9:13  Pylon  
  100  9:14  Disruptor  
  100  9:16  Pylon  
  103  9:18  Probe  
  103  9:19  Gateway  
  103  9:20  Pylon  
  103  9:21  Stalker x2, Pylon  
  103  9:22  Stalker, Gateway x2  
  102  9:25  Photon Cannon  
  102  9:27  Charge  
  102  9:28  Probe  
  102  9:29  Disruptor  
  106  9:34  Stalker x2  
  110  9:39  Templar Archives  
  110  9:50  Warp Prism  
  110  9:51  Probe  
  113  9:54  Probe, Photon Cannon  
  113  9:57  Probe  
  115  10:01  Probe  
  115  10:03  Probe  
  115  10:06  Probe  
  118  10:10  Stalker x2  
  118  10:12  Stalker  
  118  10:14  Probe  
  124  10:15  Probe x2  
  125  10:27  Probe  
  122  10:30  Probe  
  122  10:31  Probe  
  122  10:34  Probe  
  126  10:37  Assimilator  
  126  10:39  Assimilator  
  126  10:42  Pylon  
  126  10:47  Disruptor, Stargate  
  126  10:49  Observer, Stargate  
  130  10:50  Stargate  
  130  10:52  Probe x2, Stargate  
  130  10:54  Probe x2  
  130  10:55  Pylon  
  134  11:02  Probe  
  134  11:03  Probe  
  134  11:04  Protoss Ground Weapons Level 3 (Chrono Boost)  
  134  11:06  Probe x2  
  138  11:12  Psionic Storm  
  138  11:13  Probe, High Templar x5  
  138  11:14  Probe, High Templar  
  152  11:34  Void Ray (Chrono Boost)  
  152  11:35  Phoenix x3 (Chrono Boost)  
  162  11:41  Disruptor  
  162  11:45  Zealot x2  
  162  11:46  Zealot x3  
  175  11:59  Warp Prism  
  177  12:02  Photon Cannon  
  177  12:05  Photon Cannon  
  177  12:06  Photon Cannon  
  177  12:10  Void Ray (Chrono Boost)  
  181  12:16  Adept, Disruptor  
  176  12:24  Void Ray x2 (Chrono Boost)  
  176  12:29  High Templar x3  
  190  12:35  Warp Prism  
  192  12:52  Nexus, Warp Prism  
  192  12:53  Adept  
  192  12:54  Adept x2  
  200  13:01  Fleet Beacon  
  200  13:05  Assimilator  
  200  13:07  Assimilator  
  200  13:09  Pylon  
  200  13:11  Pylon  
  200  13:14  Pylon  
  184  13:29  Warp Prism  
  184  13:30  Protoss Ground Armor Level 1 (Chrono Boost)  
  184  13:31  Void Ray x3 (Chrono Boost)  
  184  13:36  Void Ray (Chrono Boost)  
  194  13:51  Archon  
  194  13:54  Immortal (Chrono Boost)  
  157  13:59  Zealot x4  
  157  14:02  Zealot  
  153  14:06  Immortal (Chrono Boost)  
  147  14:17  Void Ray  
  147  14:19  High Templar x3  
  156  14:24  Adept  
  156  14:25  Adept x3  
  156  14:28  Mothership Core  
  170  14:32  Immortal (Chrono Boost)  
  168  14:40  Gateway  
  168  14:42  Immortal (Chrono Boost)  
  168  14:44  Photon Cannon  
  170  14:46  Photon Cannon  
  170  14:48  Gateway, Pylon  
  170  14:49  Pylon  
  170  14:50  Adept x3  
  170  14:51  Adept  
  141  15:00  Archon  
  141  15:01  Stalker, Adept x3  
  141  15:02  Adept  
  138  15:14  Immortal (Chrono Boost)  
  138  15:17  Adept x4  
  130  15:24  Observer (Chrono Boost)  
  125  15:30  Void Ray  
  118  15:42  Observer (Chrono Boost)  
  118  15:48  Observer (Chrono Boost)  
  119  15:56  Photon Cannon  
  119  15:58  Nexus, Void Ray  
  119  16:01  Photon Cannon, High Templar x3  
  129  16:14  Adept  
  129  16:15  Adept x3  
  137  16:24  Photon Cannon  
  135  16:26  Stalker  
  135  16:27  Stalker  
  139  16:33  Pylon  
  139  16:34  Dark Shrine  
  139  16:57  Adept x7  
  139  16:58  Adept x2  
  154  17:31  Adept  
  154  17:32  Adept x6  
  154  17:33  Adept x2  
  154  17:35  Void Ray  
  168  17:46  Immortal (Chrono Boost)  
  168  17:47  Disruptor (Chrono Boost)  
  166  17:53  Adept x3  
  152  18:00  Void Ray  
  152  18:04  High Templar  
  144  18:18  Disruptor (Chrono Boost)  
  145  18:26  Adept x5  
  147  18:27  Adept x3  
  141  18:49  Adept  
  141  18:54  Adept x5  
  141  18:55  Adept x3  
  158  18:58  Protoss Ground Armor Level 2  
  148  19:10  High Templar  
  148  19:26  High Templar x3  
  148  19:27  High Templar  
  121  19:46  Adept x2  
  121  19:50  Nexus  
  121  19:52  Pylon  
  112  20:07  Dark Templar x2  
  112  20:08  Dark Templar x2  
  112  20:10  Archon x2  
  120  20:18  Pylon  
  120  20:19  Adept x2  
  120  20:21  Dark Templar, Assimilator  
  126  20:25  Assimilator  
  126  20:30  Void Ray  
  126  20:34  Zealot x2  
  134  20:41  Dark Templar  
  134  20:49  Zealot x5  
  144  20:54  Photon Cannon  
  142  21:02  Dark Templar x2  
  146  21:07  Zealot  
  146  21:09  Observer (Chrono Boost)  
  149  21:16  Zealot x3  
  128  21:49  Stalker x2  
  128  21:50  Stalker x5  
  148  22:01  Stalker  
  148  22:02  Stalker  
Show
View Real Time Build Order
Export as new Build Order

iQuitBYE Protoss - Winner!

Build Orders:  

Get SALT Encoding   

  12  0:01  Drone  
  13  0:12  Drone  
  14  0:17  Overlord  
  14  0:25  Drone, Extractor  
  15  0:36  Drone x2  
  17  0:53  Hatchery  
  17  0:56  Drone  
  17  1:09  Spawning Pool  
  16  1:11  Drone  
  16  1:15  Drone  
  18  1:19  Extractor  
  18  1:22  Drone  
  18  1:29  Drone  
  19  1:39  Drone  
  20  1:56  Zergling x2  
  21  2:01  Overlord  
  21  2:03  Roach Warren, Queen  
  21  2:05  Queen  
  24  2:10  Drone  
  25  2:20  Drone x2  
  27  2:30  Drone  
  27  2:31  Drone  
  29  2:39  Lair  
  29  2:45  Drone x3, Extractor  
  30  2:55  Drone  
  30  2:56  Drone  
  32  3:01  Drone  
  33  3:07  Drone  
  33  3:12  Drone x2  
  36  3:13  Overlord x2  
  36  3:20  Evolution Chamber  
  35  3:29  Drone  
  35  3:32  Drone, Extractor  
  35  3:33  Drone x2  
  38  3:34  Drone x2  
  38  3:39  Drone  
  38  3:40  Drone  
  42  3:42  Hydralisk Den  
  42  3:44  Overseer  
  41  3:49  Drone x2  
  41  3:51  Drone  
  41  3:53  Drone  
  41  3:54  Drone  
  47  3:55  Drone  
  47  4:01  Zergling x2  
  48  4:10  Zerg Missile Weapons Level 1  
  48  4:12  Muscular Augments  
  48  4:13  Hydralisk x2  
  52  4:19  Overlord x2  
  52  4:21  Drone, Extractor  
  52  4:35  Overlord  
  52  4:37  Hydralisk x3  
  52  4:38  Hydralisk  
  60  4:44  Zergling x4  
  62  4:48  Roach  
  63  5:11  Hydralisk x5  
  73  5:24  Lurker Den  
  73  5:35  Hatchery  
  73  5:36  Zergling x2  
  73  5:47  Drone x3  
  76  6:04  Zerg Ground Armor Level 1  
  76  6:08  Overlord x2  
  72  6:21  Drone x3, Overlord  
  72  6:22  Overlord  
  75  6:31  Glial Reconstitution  
  75  6:34  Evolution Chamber  
  74  6:47  Queen  
  74  6:49  Drone  
  74  6:50  Drone x8  
  85  7:06  Drone x7  
  85  7:07  Infestation Pit  
  90  7:16  Extractor  
  90  7:17  Drone  
  90  7:18  Drone x2, Extractor  
  90  7:19  Hatchery  
  90  7:20  Drone x3  
  93  7:26  Lurker x4  
  97  7:38  Zerg Missile Weapons Level 2  
  97  7:45  Roach x4  
  105  7:58  Hydralisk x9  
  91  7:59  Hydralisk  
  89  8:33  Drone  
  84  8:46  Hatchery  
  84  8:47  Drone x3  
  84  8:48  Drone x3  
  89  8:51  Queen  
  88  9:25  Hatchery, Zergling x2  
  88  9:30  Hive  
  88  9:31  Overlord x3  
  88  9:32  Overlord x3  
  88  9:41  Lurker x2  
  90  9:52  Drone x12  
  102  9:53  Drone x2  
  102  9:58  Queen  
  106  10:01  Zerg Ground Armor Level 2  
  99  10:38  Hatchery  
  99  10:39  Extractor  
  99  10:40  Extractor  
  96  10:51  Ultralisk Cavern  
  96  10:55  Evolution Chamber, Zerg Melee Weapons Level 1  
  94  10:59  Zergling x2  
  94  11:04  Hydralisk x8  
  95  11:05  Hydralisk x6  
  95  11:06  Viper x2  
  129  11:19  Spine Crawler  
  129  11:20  Spine Crawler  
  127  12:06  Chitinous Plating  
  127  12:25  Drone x3  
  127  12:26  Drone x3, Overlord  
  127  12:27  Overlord x4  
  133  12:30  Spine Crawler  
  133  12:31  Spore Crawler, Spine Crawler  
  133  12:35  Spine Crawler  
  129  12:38  Overlord  
  129  12:40  Ultralisk x5  
  129  12:41  Ultralisk  
  164  12:52  Zerg Melee Weapons Level 2  
  164  12:54  Zerg Ground Armor Level 3  
  164  12:56  Zerg Missile Weapons Level 3  
  164  12:59  Metabolic Boost  
  164  13:09  Ultralisk  
  151  13:35  Hatchery, Hydralisk  
  151  13:36  Hydralisk x10  
  172  13:46  Spine Crawler  
  153  14:14  Ultralisk Cavern  
  152  14:17  Adrenal Glands  
  152  14:25  Lurker x2  
  152  14:26  Lurker x4  
  152  14:27  Overlord x2  
  158  14:42  Hatchery  
  97  15:22  Hydralisk x3  
  97  15:27  Queen  
  105  15:29  Hydralisk x2  
  105  15:30  Hydralisk  
  96  15:47  Hydralisk x10  
  96  15:48  Hydralisk x2  
  120  15:53  Drone  
  120  15:56  Spine Crawler  
  120  16:13  Drone x6  
  120  16:14  Drone  
  120  16:15  Drone x3  
  130  16:24  Extractor  
  129  16:26  Extractor  
  129  16:27  Drone x3  
  129  16:28  Drone x3  
  134  16:38  Ultralisk  
  140  16:51  Hydralisk x2  
  140  16:55  Ultralisk x2  
  152  17:05  Lurker x2  
  152  17:08  Ultralisk  
  152  17:28  Ultralisk x2  
  170  17:30  Ultralisk  
  151  17:54  Hydralisk x11  
  151  17:55  Hydralisk  
  84  18:28  Zergling x24  
  92  18:39  Zergling x2  
  92  18:40  Zergling x4  
  93  19:08  Spire  
  93  19:09  Roach  
  88  19:10  Roach x6  
  88  19:17  Roach x5  
  55  19:48  Roach x6  
  55  19:49  Roach x5  
  61  20:03  Roach  
  61  20:04  Roach x2  
  67  20:55  Hatchery  
  66  20:58  Overseer  
  66  21:01  Pneumatized Carapace  
  64  21:08  Overseer  
  64  21:14  Hydralisk x2  
  68  21:18  Viper x2  
  68  21:19  Viper  
  77  21:30  Hydralisk x3  
  77  21:31  Hydralisk  
Show
View Real Time Build Order
Export as new Build Order

Adaana Zerg 

Build Orders:  

Get SALT Encoding   

Show
View Real Time Build Order
Export as new Build Order

ZerotheHero Zerg 

Build Orders:  

Get SALT Encoding   

Tags
 
Add a new tag
Caveats
  • Supply blocks, unpowered buildings, or Contaminate may cause inaccurate times.
  • Supply counts are checked every 10 seconds.